 Dungeon Crawl Stone Soup version 0.30-a0-360-g447f08457e (webtiles) character file.

Game seed: 7580567485576885031

313 porpoise the Trooper (level 6, -1/47 HPs)
             Began as a Djinni Fire Elementalist on Nov 13, 2022.
             Slain by an orc priest
             ... wielding a +0 flail of protection
              (7 damage)
             ... on level 3 of the Dungeon on Nov 14, 2022.
             The game lasted 00:22:08 (3046 turns).

porpoise the Trooper (Djinni Fire Elementalist)     Turns: 3046, Time: 00:22:09

Health: -1/47      AC:  6    Str:  7    XL:     6   Next: 71%
Gold:   105        EV: 12    Int: 18    God:
                   SH:  0    Dex: 14

rFire   + + +      SeeInvis .    a - +0 short sword
rCold   . . .      Faith    .    (no shield)
rNeg    . . .      Spirit   .    f - +0 robe
rPois   ∞          Reflect  .    g - +2 helmet
rElec   +          Harm     .    c - +0 cloak
rCorr   +          Rampage  .    (no gloves)
Will    .....                    (boots unavailable)
Stlth   ++........               (no amulet)
HPRegen 0.27/turn                (no ring)
MPRegen 0.00/turn                (no ring)

@: mighty, resistant, flying
A: sickness immunity, fire resistance 2, cold vulnerability 1, float, innate
caster, HP casting, extra vitality 1
a: no special abilities


You were on level 3 of the Dungeon.
You visited 1 branch of the dungeon, and saw 3 of its levels.
You also visited: Sewer.

You collected 202 gold pieces.
You spent 97 gold pieces at shops.

Inventory:

Hand Weapons
 a - a +0 short sword (weapon)
Armour
 c - a +0 cloak (worn)
 f - a +0 robe (worn)
 g - a +2 helmet (worn)
Scrolls
 i - a scroll of blinking
 j - 2 scrolls of identify
 l - a scroll of immolation
 m - 2 scrolls of noise
Potions
 b - a potion of lignification {unknown}
 d - 2 potions of haste
 e - a potion of resistance
 h - a potion of might
 k - 2 potions of mutation


   Skills:
 + Level 4.2 Fighting
 - Level 2.1 Dodging
 - Level 1.5 Stealth
 + Level 4.1 Spellcasting


You couldn't memorise any spells.
You knew the following spells:

 Your Spells              Type           Power      Damage    Failure   Level
a - Foxfire               Conj/Fire      72%        2x1d7     2%          1
b - Scorch                Fire           36%        2d7       4%          2
c - Kindle Blastsparks    Fire/Tloc/Air  36%        2d13      8%          3
d - Inner Flame           Hex/Fire       18%        N/A       8%          3
e - Flame Wave            Conj/Fire      18%        2d7       26%         4
f - Necrotise             Necr           72%        1d7       2%          1
s - Searing Ray           Conj           36%        2d5       4%          2
Your spell library was empty.

Dungeon Overview and Level Annotations

Branches:
Dungeon (3/15)              Sewer (visited)

Altars:
Dithmenos

Shops:
D:3 ?=

Annotations:
D:2 Sigmund


Innate Abilities, Weirdness & Mutations

You are immune to sickness and miasma.
You are immune to poison.
Your flesh is very heat resistant. (rF++)
You are vulnerable to cold. (rC-)
You float through the air rather than walking.
You learn spells naturally, not from books.
Your magical power is your life essence.
You have superior vitality. (+4 MHP)


Message History

Unknown command.
Casting: Scorch (safe; 4% risk of failure)
Confirm with . or Enter, or press ? or * to list all spells.
Aiming: Searing Ray (safe; 4% risk of failure)
Press: ? - help, Shift-Dir - straight line, f - orc priest
Aim: an orc priest, wielding a +0 flail of protection (moderately wounded, 78% to hit)
The searing ray hits the orc priest but does no damage.
The orc priest is moderately wounded. (Press . to maintain the ray.)
* * * LOW HITPOINT WARNING * * *
The orc priest barely misses you.
The searing ray misses the orc priest.
* * * LOW HITPOINT WARNING * * *
The orc priest hits you with a +0 flail of protection!
* * * LOW HITPOINT WARNING * * *
Unknown command.
Without enough magic to sustain it, your searing ray dissipates.
The orc priest closely misses you.
It was a potion of resistance.
You feel protected. The orc priest barely misses you.
It was a potion of might.
You feel very mighty all of a sudden. The orc priest barely misses you.
It was a potion of curing.
You feel better.
The orc priest hits you with a +0 flail of protection.
* * * LOW HITPOINT WARNING * * *
Casting: Searing Ray (safe; 4% risk of failure)
Confirm with . or Enter, or press ? or * to list all spells.
Flames lash the orc priest.
The orc priest is heavily wounded.
The orc priest's fire resistance burns away.
* * * LOW HITPOINT WARNING * * *
The orc priest completely misses you.
Casting: Scorch (safe; 4% risk of failure)
Confirm with . or Enter, or press ? or * to list all spells.
You conjure some foxfire!
* * * LOW HITPOINT WARNING * * *
The orc priest hits you with a +0 flail of protection!
You die...

***,*,****8*##8#**##.#######*****
* *,,,*******#*####.........,* *
***,,,,,,,*,*#.###.#######,* *
*,*,,,,,*,*#.# #.# **,,* *
*,*,*****,*#.# #.# **,,,* *
*,,,,,,,,,,#.###.## *,,,,* *
***,***#####.#....# *,,,,*
*******,**,#...v.#.#.## *,,,,*
,,,,,,,,,,,#...o@v...# *,,,**
*******,**,#..w#.##### **,** *
**,,.....,#.# *,**
******,,,....,,#.# **,*
,,,,,+,,,...*,,#$# *,**
******,,,..,*,,#.# **,* *
*,,,.,,*,,#.#***** **+**
##***********,,...,,,,* *,,,*
.,,,,,,,,,,,,,,,,,,,,,* *,,,*


You could see an orc priest (combustible, ally target) and a dart slug.

Vanquished Creatures
  An orc priest (D:3)
  Jessica (D:2)
  Terence (D:2)
  8 adders
  6 river rats
  5 worms
  A dart slug (D:1)
  4 orcs (D:3)
  6 ball pythons
  7 bats
  5 endoplasms
  8 giant cockroaches
  6 goblins
  10 hobgoblins
  4 jackals
  6 kobolds
  3 quokkas
  2 frilled lizards (Sewer)
  5 rats
89 creatures vanquished.

Vanquished Creatures (others)
  171 foxfires
171 creatures vanquished.

Grand Total: 260 creatures vanquished

Notes
Turn   | Place    | Note
-------+----------+-------------------------------------------
     0 | D:1      | porpoise the Djinni Fire Elementalist began the quest for
                  | the Orb.
     0 | D:1      | porpoise set off with the following spells memorised:
                  | Foxfire, Scorch, Kindle Blastsparks, Inner Flame, Flame
                  | Wave.
     0 | D:1      | Reached XP level 1. HP: 15/15 MP: 0/0
   269 | D:1      | Reached XP level 2. HP: 22/22 MP: 0/0
   336 | D:1      | Reached skill level 1 in Fighting
   787 | D:1      | Reached XP level 3. HP: 24/27 MP: 0/0
   787 | D:1      | Learned a level 1 spell: Necrotise
  1303 | D:2      | Noticed Jessica
  1306 | D:2      | Killed Jessica
  1307 | D:2      | Reached XP level 4. HP: 31/34 MP: 0/0
  1722 | D:2      | Noticed Terence
  1736 | D:2      | Killed Terence
  1737 | D:2      | Reached XP level 5. HP: 28/40 MP: 0/0
  1737 | D:2      | Learned a level 2 spell: Searing Ray
  2023 | D:2      | Noticed Sigmund
  2169 | D:3      | Found Feckote's Magic Scroll Emporium.
  2183 | D:3      | Bought a scroll of blinking for 97 gold pieces
  2216 | D:3      | Found a glowing drain.
  2220 | Sewer    | Entered a sewer
  2494 | Sewer    | Reached XP level 6. HP: 41/46 MP: 0/0
  2878 | D:3      | Found Lana's Jewellery Shop.
  2994 | D:3      | Found a shadowy altar of Dithmenos.
  3040 | D:3      | HP: 1/47 [orc priest/+0 flail of protection (7)]
  3046 | D:3      | Slain by an orc priest

Illustrated notes

Levels and vault maps discovered:
D:1:      giann_horns, layout_loops_corners
D:2:      minmay_spotlight, layout_loops_corners, uniq_sigmund, uniq_jessica,
          uniq_terence
D:3:      layout_basic, nicolae_overflow_hidden_temple, serial_shops, shop,
          shop, shop, gup_sewer_entry_bowl, grunt_ministairs_6,
          uniq_crazy_yiuf_cottage

Skill      XL: |  1  2  3  4  5  6 |
---------------+-------------------+-----
Fighting       | 1 2 3 4 |  4.2
Spellcasting   | 3 4 |  4.1
Dodging        | |  2.1
Stealth        | |  1.5

Action                   |  1- 3 |  4- 6 || total
-------------------------+-------+-------++-------
Melee: Short sword       |    13 |    17 ||    30
 Cast: Foxfire           |    43 |    55 ||    98
       Scorch            |     4 |    17 ||    21
       Searing Ray       |       |     9 ||     9
       Necrotise         |       |     7 ||     7
       Flame Wave        |       |     1 ||     1
  Use: Scroll            |       |     6 ||     6
       Potion            |       |     3 ||     3
 Stab: Sleeping          |     1 |     1 ||     2
Armor: Robe              |     4 |    16 ||    20
Dodge: Dodged            |     9 |    35 ||    44

Table legend: (Time is in decaauts)
 A = Elapsed time spent in this place.
 B = Non-inter-level travel time spent in this place.
 C = Inter-level travel time spent in this place.
 D = Time resting spent in this place.
 E = Time spent auto-exploring this place.
 F = Levels seen in this place.
 G = Mean time per level.
                   A        B        C        D        E       F      G
               +--------+--------+--------+--------+--------+-----+--------+
         Total |   3045 |   2913 |    132 |    433 |   1667 |   4 |  761.2 |
       Dungeon |   2403 |   2271 |    132 |    233 |   1535 |   3 |  801.0 |
         Sewer |    641 |    641 |      0 |    200 |    132 |   1 |  641.0 |
               +--------+--------+--------+--------+--------+-----+--------+

Top non-repeatable levels by time:
     D:2: 1080 daAuts
     D:1: 1026 daAuts
   Sewer: 641 daAuts
     D:3: 296 daAuts
